 Dungeon Crawl Stone Soup version 0.31-a0-934-gf4fcaacff8 (webtiles) character file.

Game seed: 11216132954864332100

149 BinkBink the Trooper (level 5, -4/34 HPs)
             Began as a Gargoyle Monk on Oct 20, 2023.
             Was a Believer of Dithmenos.
             Shot with an arrow by a centaur (17 damage)
             ... on level 3 of the Dungeon.
             The game lasted 00:03:47 (2404 turns).

BinkBink the Trooper (Gargoyle Monk)                Turns: 2404, Time: 00:03:48

Health: -4/34      AC:  7    Str: 15    XL:     5   Next: 31%
Magic:  5/5        EV: 13    Int: 10    God:    Dithmenos [**....]
Gold:   100        SH:  0    Dex: 14    Spells: 4/4 levels left

rFire   . . .        a - +0 falchion
rCold   . . .        d - orb {light}
rNeg    + . .        b - +0 robe
rPois   ∞            (no helmet)
rElec   +            (no cloak)
rCorr   .            e - +0 pair of gloves
SInv    .            (no boots)
Will    .....        (no amulet)
Stlth   +            (no ring)
HPRegen 0.25/turn    (no ring)
MPRegen 0.09/turn

%: no passive effects
@: confused, ambrosia-drunk
A: sickness immunity, AC +4, negative energy resistance 1, electricity
resistance, torment resistance 1, petrification resistance
a: Renounce Religion, Shadow Step


You were on level 3 of the Dungeon.
You worshipped Dithmenos.
Dithmenos was pleased with you.
You visited 1 branch of the dungeon, and saw 3 of its levels.

You collected 100 gold pieces.

Inventory:

Hand Weapons
 a - a +0 falchion (weapon)
Armour
 b - a +0 robe (worn)
 d - an orb of light (worn)
 e - a +0 pair of gloves (worn)
Jewellery
 h - a ring of willpower
Wands
 k - a wand of polymorph (9)
Scrolls
 i - a scroll of identify {unknown}
 j - a scroll of silence {unknown}
 n - a scroll of teleportation {unknown}
 q - a scroll of torment {unknown}
Potions
 f - a potion of enlightenment {unknown}
 g - a potion of resistance {unknown}
 l - a potion of mutation {unknown}
 m - a potion of attraction {unknown}
 o - a potion of berserk rage {unknown}
 p - a potion of heal wounds {unknown}


   Skills:
 * Level 4.8 Fighting
 * Level 3.9 Long Blades
 + Level 3.0 Dodging


You had 4 spell levels left.
You didn't know any spells.
Your spell library contained the following spells:

 Spells                   Type           Power      Damage    Failure   Level
 Frozen Ramparts          Ice            0%         1d1       75%         3
 Petrify                  Tmut/Erth      0%         N/A       98%         4
 Metabolic Englaciation   Hex/Ice        0%         N/A       100%        5


Dungeon Overview and Level Annotations

Branches:
Dungeon (3/15)

Altars:
Ashenzari
Dithmenos
Sif Muna
Trog

Shops:
D:2 =   D:3 :


Innate Abilities, Weirdness & Mutations

You are immune to sickness and miasma.
Your stone body is resilient. (AC +4)
You are immune to poison.
You resist negative energy. (rN+)
You are resistant to electric shocks. (rElec)
You are resistant to unholy torment.
You are immune to petrification.


Message History

No target in view!
You enter the shallow water.
Moving in this stuff is going to be slow.
A ball python comes into view.
A ball python is nearby!
The ball python hisses angrily.
The ball python barely misses you. x2
You slash the ball python!
You kill the ball python!
Dithmenos accepts your kill.
No target in view!
No target in view!
A centaur comes into view.
A centaur is nearby!
A centaur is nearby!
The centaur shouts!
The centaur wields a +0 orcbow.
The centaur shoots an arrow.
The arrow closely misses you.
The centaur shoots an arrow.
The arrow barely misses you.
The centaur shoots an arrow.
The arrow hits you!
The centaur shoots an arrow.
The arrow hits you!
The centaur shoots an arrow.
The arrow hits you!
* * * LOW HITPOINT WARNING * * *
The centaur shoots an arrow.
The arrow hits you!
* * * LOW HITPOINT WARNING * * *
You are confused.
You feel invigorated.
The centaur shoots an arrow.
The arrow hits you.
You bump into the rock wall.
The centaur shoots an arrow.
The arrow closely misses you.
The centaur shoots an arrow.
The arrow hits you.
The centaur shoots an arrow.
The arrow misses you.
You bump into the rock wall.
The centaur shoots an arrow.
The arrow hits you!
The centaur shoots an arrow.
The arrow completely misses you.
The centaur shoots an arrow.
The arrow hits you!
* * * LOW HITPOINT WARNING * * *
You are too confused!
You bump into the rock wall.
The centaur shoots an arrow.
The arrow hits you!
Ouch! That really hurt!
You die...

≈~~~~~.###~~~~≈≈≈≈~~##
#.#
≈≈≈≈≈~~~~~~≈≈≈≈≈~~~##
#.########
~≈≈≈≈≈≈≈≈≈≈≈≈≈~~~###
#.........
~~~~~≈≈≈≈≈≈~~~~.##
#########.
....~~~~~~~~###.# #.
.......###.## #.# #.
###........# #.# #.
####.####### #.######
#. ###### #.@....# #.
....## ######c# #.
###.## #.# #. #...##
#.# #. #._.## #.# #.
#...## #.###### #.
###.## #.c....# ##
....## #.####..c..#
###### ######.# ###..


You could see a centaur.

Vanquished Creatures
  An orc priest (D:3)
  6 adders
  2 worms
  A dart slug (D:1)
  2 orcs (D:3)
  3 endoplasms
  8 goblins
  7 hobgoblins
  3 quokkas (D:1)
  8 ball pythons
  4 bats
  8 frilled lizards
  6 kobolds
  4 rats
63 creatures vanquished.

Notes
Turn   | Place    | Note
-------+----------+-------------------------------------------
     0 | D:1      | BinkBink the Gargoyle Monk began the quest for the Orb.
     0 | D:1      | Reached XP level 1. HP: 14/14 MP: 1/1
   125 | D:1      | Reached XP level 2. HP: 19/19 MP: 2/2
   177 | D:1      | Found a faded altar of an unknown god.
   668 | D:1      | Reached XP level 3. HP: 20/24 MP: 3/3
  1149 | D:2      | Found Imaps's Jewellery Shop.
  1162 | D:2      | Reached skill level 4 in Fighting
  1267 | D:2      | Reached XP level 4. HP: 29/29 MP: 4/4
  1280 | D:2      | Found a broken altar of Ashenzari.
  1599 | D:3      | Found a shadowy altar of Dithmenos.
  1627 | D:3      | Became a worshipper of Dithmenos the Shadowed
  1627 | D:3      | Reached * piety under Dithmenos
  1627 | D:3      | Reached ** piety under Dithmenos
  1684 | D:3      | Found a bloodstained altar of Trog.
  1757 | D:3      | Found a shimmering blue altar of Sif Muna.
  1846 | D:3      | Reached XP level 5. HP: 33/34 MP: 5/5
  1943 | D:3      | Found Nowkoel's Book Boutique.
  2386 | D:3      | Noticed a centaur
  2404 | D:3      | Shot with an arrow by a centaur

Illustrated notes

Levels and vault maps discovered:
D:1:      psy_arrival_basics, layout_basic, ebering_ecumenical_altar_ruins
D:2:      layout_loops_cross, serial_shops, nicolae_shop_tiny_waterfront,
          basic_altar
D:3:      wander_river, layout_loops_ring, old_standard_altar,
          old_standard_altar, nicolae_hepliaklqana_hippocampus,
          mainiacjoe_overflow_alcove_4, serial_shops,
          nicolae_shop_advertising_works [nicolae_subvault_shop_adworks],
          st_stairs_11

Skill      XL: |  1  2  3  4  5 |
---------------+----------------+-----
Long Blades    | 3 |  3.9
Fighting       | 4 |  4.8
Dodging        | 3 |  3.0

Action                     |  1- 3 |  4- 6 || total
---------------------------+-------+-------++-------
  Melee: Falchion          |   101 |   104 ||   205
    Use: Potion            |       |     1 ||     1
 Armour: Robe              |    59 |    66 ||   125
  Dodge: Dodged            |    64 |    78 ||   142

Table legend: (Time is in decaauts)
 A = Elapsed time spent in this place.
 B = Non-inter-level travel time spent in this place.
 C = Inter-level travel time spent in this place.
 D = Time resting spent in this place.
 E = Time spent auto-exploring this place.
 F = Levels seen in this place.
 G = Mean time per level.
                   A        B        C        D        E       F      G
               +--------+--------+--------+--------+--------+-----+--------+
         Total |   2443 |   2382 |     61 |    157 |   1746 |   3 |  814.3 |
       Dungeon |   2443 |   2382 |     61 |    157 |   1746 |   3 |  814.3 |
               +--------+--------+--------+--------+--------+-----+--------+

Top non-repeatable levels by time:
     D:1: 930 daAuts
     D:3: 837 daAuts
     D:2: 675 daAuts
